 Dungeon Crawl Stone Soup version 0.25.1-2-g60ff931df9 (webtiles) character file.

Game seed: 11247563520235210778

136 DerDa the Gusty (level 5, -2/29 HPs)
             Began as a Tengu Air Elementalist on Oct 1, 2020.
             Slain by a hobgoblin (4 damage)
             ... led by Robin
             ... on level 2 of the Dungeon.
             The game lasted 00:07:31 (1762 turns).

DerDa the Gusty (Tengu Air Elementalist)            Turns: 1762, Time: 00:07:31

Health: -2/29      AC:  3    Str:  8    XL:     5   Next: 19%
Magic:  2/10       EV: 13    Int: 17    God:
Gold:   25         SH:  0    Dex: 14    Spells: 3/9 levels left

rFire    . . .     SeeInvis .   g - -1 short sword (curse)
rCold    . . .     Gourm    .   (no shield)
rNeg     . . .     Faith    .   a - +0 robe
rPois    .         Spirit   .   (helmet restricted)
rElec    .         Reflect  .   b - +0 cloak
rCorr    .         Harm     .   (no gloves)
MR       .....                  (boots unavailable)
Stlth    ++........             (no amulet)
HPRegen  0.09/turn              (no ring)
MPRegen  0.12/turn              (no ring)

@: mighty, berserk cooldown, stab, slowed, lightly drained, very slow
A: beak, talons 3, able to fly
a: Fly


You were on level 2 of the Dungeon.
You were hungry.

You visited 1 branch of the dungeon, and saw 2 of its levels.

You collected 25 gold pieces.

Inventory:

Hand Weapons
 e - a +0 short sword
 g - a cursed -1 short sword (weapon)
Missiles
 h - 17 stones (quivered)
 m - 14 sling bullets
Armour
 a - a +0 robe (worn)
 b - a +0 cloak (worn)
Scrolls
 f - a scroll of enchant armour {unknown}
 i - a scroll of fog {unknown}
 l - 2 scrolls of identify {unknown}
 n - a scroll of remove curse {unknown}
 o - a scroll of amnesia {unknown}
Potions
 p - a potion of might
 q - a potion of curing {unknown}
 r - a potion of flight {unknown}
 s - 2 potions of haste {unknown}
Comestibles
 c - 2 rations
 d - 2 chunks of flesh


   Skills:
 + Level 1.1(0.8) Fighting
 + Level 2.8(2.6) Dodging
 - Level 2.0(1.7) Stealth
 * Level 2.9(2.7) Spellcasting
 * Level 3.5(3.2) Conjurations
 * Level 5.1(4.9) Air Magic


You had 3 spell levels left.
You knew the following spells:

 Your Spells              Type           Power        Failure   Level  Hunger
a - Shock                 Conj/Air       ###.         3%          1    #......
b - Static Discharge      Conj/Air       ###.....     10%         3    ###....
s - Swiftness             Chrm/Air       ##......     10%         2    ##.....

Your spell library contained the following spells:

 Spells                   Type           Power        Failure   Level  Hunger
 Airstrike                Air            ###.......   24%         4    #####..
 Lightning Bolt           Conj/Air       ###.......   67%         5    ######.


Dungeon Overview and Level Annotations

Branches:
Dungeon (2/15)

Altars:
Makhleb


Innate Abilities, Weirdness & Mutations

You have a beak for a mouth.
You have claws for feet.
You can fly continuously.


Message History

The hobgoblin hits you.
* * * LOW HITPOINT WARNING * * *
A dart slug comes into view.
You see here a hobgoblin corpse.
You hit the hobgoblin but do no damage. Your kick misses the hobgoblin.
Your peck misses the hobgoblin.
You are no longer berserk.
You are exhausted.
You feel yourself slow down. The hobgoblin closely misses you.
Things that are here:
a +2 dagger of draining; a goblin corpse The hobgoblin hits you but does no damage.
Items here: ))) [[ † A hobgoblin comes into view.
It is wielding a +0 club.
The hobgoblin hits you.
* * * LOW HITPOINT WARNING * * *
Things that are here:
a +0 club; a goblin corpse The hobgoblin hits you.
You die...

.....#.##.....#
.......##.....#
####..)##.....# #...##.....#
#..>##.....# #....###.###
###..# #.# .#.
######..###.############†....
#.............).@gw))†g..#
#.#########.############.#
#...........# #.###########
#.# #.##### #.....# #######


You could see a dart slug and 2 hobgoblins.

Vanquished Creatures
  A hound (D:2)
  Robin (D:2)
  An adder (D:2)
  3 oozes
  4 dart slugs
  A leopard gecko (D:2)
  6 bats
  3 giant cockroaches
  15 goblins
  8 hobgoblins
  2 jackals (D:1)
  4 frilled lizards (D:1)
  8 kobolds
  6 rats
63 creatures vanquished.

Notes
Turn   | Place    | Note
-------+----------+-------------------------------------------
     0 | D:1      | DerDa the Tengu Air Elementalist began the quest for the
                  | Orb.
     0 | D:1      | Reached XP level 1. HP: 10/10 MP: 4/4
   108 | D:1      | Reached XP level 2. HP: 13/15 MP: 0/6
   417 | D:1      | Reached XP level 3. HP: 20/20 MP: 3/7
   895 | D:1      | Learned a level 3 spell: Static Discharge
   898 | D:1      | Learned a level 2 spell: Swiftness
  1052 | D:2      | Reached XP level 4. HP: 24/24 MP: 4/8
  1258 | D:2      | Found a burning altar of Makhleb.
  1550 | D:2      | Reached skill level 5 in Air Magic
  1578 | D:2      | Reached skill level 1 in Fighting
  1731 | D:2      | Noticed Robin
  1733 | D:2      | Gained mutation: You can fly continuously. [Tengu growth]
  1733 | D:2      | Reached XP level 5. HP: 25/29 MP: 8/10
  1750 | D:2      | Killed Robin
  1762 | D:2      | Slain by a hobgoblin

Illustrated notes

Levels and vault maps discovered:
D:1:      scummos_arrival_simple_fountains, layout_rooms
D:2:      layout_basic, makhleb_blood_cavern_becter, uniq_robin

Skill      XL: |  1  2  3  4 |
---------------+-------------+-----
Conjurations   | 2 3 |  3.5
Air Magic      | 5 |  5.1
Fighting       | 1 |  1.1
Dodging        | |  2.8
Stealth        | |  2.0
Spellcasting   | |  2.9

Action                   |  1- 3 |  4- 6 || total
-------------------------+-------+-------++-------
Melee: Short sword       |    16 |    17 ||    33
       Peck              |     2 |     2 ||     4
       Kick              |     5 |     2 ||     7
 Cast: Shock             |    63 |    43 ||   106
  Use: Potion            |       |     3 ||     3
  Eat: Chunk             |     1 |     2 ||     3
Armor: Robe              |     6 |     8 ||    14
Dodge: Dodged            |    16 |    22 ||    38
